[Event "Titled Tuesday Blitz September 27 Late 2022"]
[White "Carlsen, Magnus"]
[Black "Makarian, Rudik"]
[WhiteFideId "1503014"]
[BlackFideId "44105681"]
[WhiteElo "2830"]
[BlackElo "2410"]
[Result "1-0"]
[Round "04"]
[TimeControl "180+1"]
[Date "2022.09.27"]
[WhiteClock "0:00:09"]
[BlackClock "0:00:01"]

1. a3 a5 2. e4 e5 3. Nf3 Nc6 4. Nc3 Nf6 5. d4 exd4 6. Nxd4 d6 7. Bc4 Be7 8. O-O O-O 9. Re1 Re8 10. Bf4 Ne5 11. Ba2 Ng6 12. Bg3 Bf8 13. f3 c6 14. Qd2 Bd7 15. Rad1 Qb6 16. Bf2 Qc7 17. Nde2 Rad8 18. Bd4 Be7 19. Qe3 Ra8 20. a4 Qc8 21. Bxf6 Bxf6 22. Rxd6 Be5 23. Rd2 Bb8 24. Red1 Ba7 25. Nd4 Be6 26. Bxe6 Qxe6 27. Kh1 Qf6 28. g3 Rad8 29. f4 Rd7 30. e5 Qd8 31. Qe4 Qb6 32. b3 Red8 33. Nce2 Nf8 34. f5 Rd5 35. c3 Re8 36. Nf3 Rxd2 37. Rxd2 Qf2 38. Rd1 Qb6 39. Ned4 Bb8 40. Kg2 Nd7 41. e6 fxe6 42. Nxe6 Nf6 43. Qc4 Kh8 44. Rd4 Nd5 45. Kh3 Nf6 46. Nfg5 h6 47. Nf7+ Kh7 48. Rg4 Rg8 49. Neg5+ hxg5 50. Nxg5+ Kh8 51. Rh4+ 1-0


[Site "https://www.chess.com"]

[Event "Titled Tuesday Blitz September 27 Late 2022"]
[White "Caruana, Fabiano"]
[Black "Brodowski, Piotr"]
[WhiteFideId "2020009"]
[BlackFideId "1124480"]
[WhiteElo "2847"]
[BlackElo "2312"]
[Result "1-0"]
[Round "04"]
[TimeControl "180+1"]
[Date "2022.09.27"]
[WhiteClock "0:00:53"]
[BlackClock "0:00:37"]

1. e3 g6 2. c4 Bg7 3. d4 d6 4. Nf3 Nd7 5. Nc3 e5 6. Be2 Ne7 7. O-O O-O 8. b4 exd4 9. exd4 Nf5 10. Bb2 a5 11. b5 Nf6 12. Re1 c6 13. Bf1 Bd7 14. a4 Rc8 15. Ba3 Re8 16. Rxe8+ Qxe8 17. Qd2 d5 18. Re1 Qd8 19. Ne5 cxb5 20. axb5 Be6 21. c5 Bf8 22. f3 b6 23. Na4 bxc5 24. dxc5 d4 25. Nc6 Qc7 26. Nxd4 Nxd4 27. Qxd4 Bb3 28. Qxf6 Bxa4 29. Bb2 1-0


[Site "https://www.chess.com"]

[Event "Titled Tuesday Blitz September 27 Late 2022"]
[White "Christiansen, Johan-Sebastian"]
[Black "Poltorak, Sebastian"]
[WhiteFideId "1512668"]
[BlackFideId "1199498"]
[WhiteElo "2513"]
[BlackElo "2104"]
[Result "1-0"]
[Round "04"]
[TimeControl "180+1"]
[Date "2022.09.28"]
[WhiteClock "0:00:06"]
[BlackClock "0:00:03"]

1. e4 Nc6 2. Nf3 f5 3. exf5 d5 4. d4 Bxf5 5. Bb5 Qd6 6. O-O O-O-O 7. Nc3 h6 8. Re1 e6 9. Ne5 Nxe5 10. Bf4 c6 11. Bxe5 Qd7 12. Bf1 Bd6 13. a4 Bxe5 14. Rxe5 Ne7 15. a5 Rde8 16. Na4 Ng6 17. Nc5 Qd6 18. Re3 e5 19. Rb3 exd4 20. Nxb7 Qe7 21. Ba6 Kc7 22. Qxd4 Ra8 23. Rc3 Rhe8 24. Qxd5 Qf6 25. Qf3 Ne5 26. Qg3 Bc8 27. Nc5 Re7 28. Bxc8 Rxc8 29. h3 Rce8 30. Rd1 g5 31. Re3 Qf4 32. Qxf4 gxf4 33. Re4 f3 34. g4 Ng6 35. Rxe7+ Rxe7 36. Kh2 Re2 37. Kg3 Ne5 38. b4 Rxc2 39. Ne6+ Kb7 40. Nc5+ Kc7 41. Kf4 Nc4 42. Rd7+ Kb8 43. Rb7+ Kc8 44. Kg3 Nd6 45. Rxa7 Rc4 46. Rh7 Rxb4 47. Rxh6 Nb5 48. Rxc6+ Kd8 49. Rb6 Rb3 50. Nb7+ Kc7 51. Nd6 1-0


[Site "https://www.chess.com"]

[Event "Titled Tuesday Blitz September 27 Late 2022"]
[White "Danielyan, Vahe"]
[Black "Andreikin, Dmitry"]
[WhiteFideId "13304828"]
[BlackFideId "4158814"]
[WhiteElo "2421"]
[BlackElo "2736"]
[Result "1/2-1/2"]
[Round "04"]
[TimeControl "180+1"]
[Date "2022.09.27"]
[WhiteClock "0:00:15"]
[BlackClock "0:01:13"]

1. e4 e5 2. Nf3 Nc6 3. Bb5 Nf6 4. O-O Nxe4 5. d4 Nd6 6. Bxc6 dxc6 7. dxe5 Nf5 8. Qxd8+ Kxd8 9. h3 b6 10. Rd1+ Ke8 11. Nc3 h5 12. Bf4 Be7 13. a3 h4 14. Rd2 Rh5 15. Rad1 Be6 16. Ne2 Rd8 17. Rxd8+ Bxd8 18. Bc1 Bd5 19. Ne1 g5 20. Nc3 Be6 21. Nf3 Ng7 22. Ne4 g4 23. Nf6+ Bxf6 24. exf6 gxf3 25. fxg7 f6 26. Re1 Re5 27. Rxe5 fxe5 28. gxf3 Kf7 29. Kg2 c5 30. Bg5 Kxg7 31. Bxh4 c4 32. Bd8 c6 33. Bc7 Kf6 34. Kg3 b5 35. h4 Bf7 36. f4 e4 37. Kg4 Be6+ 38. f5 Bxf5+ 39. Kf4 Bg6 40. Be5+ Ke6 41. Bd4 a5 42. Kg5 Bf5 43. Be3 a4 44. h5 Ke5 45. c3 Ke6 46. Kh6 Kf7 47. Kg5 Ke6 48. Bd4 e3 49. Bxe3 Bd3 50. Kh6 Kf7 51. Kg5 Ke6 52. Bd4 Bc2 53. Be3 Bd3 1/2-1/2


[Site "https://www.chess.com"]

[Event "Titled Tuesday Blitz September 27 Late 2022"]
[White "Demidov, Mikhail"]
[Black "De La Colina, Nicolas"]
[WhiteFideId "4197143"]
[BlackFideId "30946921"]
[WhiteElo "2520"]
[BlackElo "2046"]
[Result "1-0"]
[Round "04"]
[TimeControl "180+1"]
[Date "2022.09.28"]
[WhiteClock "0:00:28"]
[BlackClock "0:00:02"]

1. Nf3 d6 2. d4 Nf6 3. g3 g6 4. b3 Bg7 5. Bb2 O-O 6. Bg2 c5 7. O-O Nc6 8. c4 Bd7 9. d5 Na5 10. Nbd2 b5 11. Qc2 Rb8 12. Rab1 e6 13. dxe6 Bxe6 14. cxb5 Rxb5 15. Rfd1 Qe7 16. e4 Rfb8 17. Bc3 Nc6 18. Re1 Nd7 19. Bxg7 Kxg7 20. Nc4 Bxc4 21. Qxc4 Nde5 22. Nxe5 Nxe5 23. Qc3 Qf6 24. Rbd1 R5b6 25. f4 Ng4 26. e5 dxe5 27. fxe5 Qf2+ 28. Kh1 Re6 29. h3 Nh6 30. g4 Kg8 31. Bd5 Re7 32. e6 f5 33. g5 Ng4 34. hxg4 Qh4+ 35. Kg1 Qxg4+ 36. Bg2 Qxg5 37. Rd7 Rbe8 38. Rxe7 Qxe7 39. Qe5 Rd8 40. Qe3 Rd4 41. b4 h5 42. bxc5 Rc4 43. c6 Rc2 44. Rc1 Rxc1+ 45. Qxc1 Qd6 46. c7 Qd4+ 47. Kf1 Qf4+ 48. Qxf4 1-0


[Site "https://www.chess.com"]

[Event "Titled Tuesday Blitz September 27 Late 2022"]
[White "Fawzy, Adham"]
[Black "Mihajlov, Sebastian"]
[WhiteFideId "10613129"]
[BlackFideId "1512110"]
[WhiteElo "2541"]
[BlackElo "2464"]
[Result "1-0"]
[Round "04"]
[TimeControl "180+1"]
[Date "2022.09.27"]
[WhiteClock "0:00:17"]
[BlackClock "0:00:15"]

1. e4 e6 2. d4 d5 3. Nc3 h6 4. Nf3 Nf6 5. Bd3 Be7 6. a3 dxe4 7. Nxe4 Nxe4 8. Bxe4 c5 9. Be3 cxd4 10. Qxd4 O-O 11. O-O-O Qa5 12. Qe5 Qa4 13. Rd4 Qe8 14. Bxh6 f6 15. Qg3 Rf7 16. Be3 f5 17. Bd3 Nc6 18. Bb5 Nxd4 19. Bxe8 Ne2+ 20. Kd2 Nxg3 21. Bxf7+ Kxf7 22. hxg3 Bf6 23. Bd4 b6 24. Bxf6 Kxf6 25. Rh8 Bb7 26. Rxa8 Bxa8 27. Ne1 g5 28. f4 e5 29. Ke3 Be4 30. c4 g4 31. b4 a5 32. c5 axb4 33. axb4 bxc5 34. bxc5 Ke6 35. fxe5 Kxe5 36. Nd3+ Kd5 37. Nf2 Bxg2 38. Kf4 Ke6 39. Nd3 Be4 40. Nb4 Bf3 41. Ke3 Be4 42. Kd4 Kd7 43. Na6 Kc6 44. Nb4+ Kc7 45. Nd5+ Kc6 46. Ne3 Kc7 47. Nc4 Kc6 48. Ne5+ Kc7 49. Nxg4 fxg4 50. Kxe4 Kc6 51. Kf5 Kxc5 52. Kxg4 Kd6 53. Kf5 Ke7 54. Kg6 Kf8 55. g4 Kg8 56. g5 Kf8 57. Kh7 Kf7 58. g6+ Kf8 59. g7+ Kf7 60. g8=Q+ Ke7 61. Qg7+ Ke8 62. Kg6 Kd8 63. Kf6 Kc8 64. Ke6 Kb8 65. Kd6 Ka8 66. Kc6 Kb8 67. Qb7# 1-0


[Site "https://www.chess.com"]

[Event "Titled Tuesday Blitz September 27 Late 2022"]
[White "Gabrielian, Artur"]
[Black "Yoo, Christopher Woojin"]
[WhiteFideId "4131002"]
[BlackFideId "30909694"]
[WhiteElo "2467"]
[BlackElo "2105"]
[Result "1-0"]
[Round "04"]
[TimeControl "180+1"]
[Date "2022.09.27"]
[WhiteClock "0:00:34"]
[BlackClock "0:00:01"]

1. e4 c5 2. Nf3 e6 3. d4 cxd4 4. Nxd4 Nc6 5. Nc3 Nf6 6. Be2 d6 7. O-O Be7 8. Be3 O-O 9. f4 Bd7 10. Nb3 a6 11. a4 Na5 12. e5 Ne8 13. Nxa5 Qxa5 14. Ne4 Qc7 15. Bd4 Bc6 16. Bd3 Bxe4 17. Bxe4 dxe5 18. fxe5 Bc5 19. Kh1 Bxd4 20. Qxd4 Rd8 21. Qe3 g6 22. Bf3 Ng7 23. g4 Rd7 24. c3 Rfd8 25. Rad1 Rxd1 26. Rxd1 Rxd1+ 27. Bxd1 Qc4 28. Kg1 Ne8 29. Qd4 Qc7 30. b4 Qe7 31. Bf3 Kg7 32. a5 Nc7 33. Qd6 Kf8 34. Bxb7 Nb5 35. Qxe7+ Kxe7 36. Bxa6 Nxc3 37. Bc4 Kd7 38. Kf2 Kc6 39. Ke3 g5 40. Kd4 Nb5+ 41. Bxb5+ Kxb5 42. h3 h6 43. Kc3 1-0


[Site "https://www.chess.com"]

[Event "Titled Tuesday Blitz September 27 Late 2022"]
[White "Gines Esteo, Pedro Antonio"]
[Black "Ballester Llagaria, Luis Eduardo"]
[WhiteFideId "32080190"]
[BlackFideId "2297620"]
[WhiteElo "2293"]
[BlackElo "2344"]
[Result "1-0"]
[Round "04"]
[TimeControl "180+1"]
[Date "2022.09.28"]
[WhiteClock "0:00:17"]
[BlackClock "0:00:05"]

1. Nf3 d5 2. g3 Bg4 3. Bg2 Nd7 4. d4 c6 5. O-O Ngf6 6. c4 e6 7. Nc3 Be7 8. cxd5 exd5 9. Ne5 Bf5 10. h4 h6 11. Nd3 O-O 12. Bf4 Re8 13. a3 Bf8 14. b4 a6 15. Nc5 b6 16. Nb7 Qc8 17. Nd6 Bxd6 18. Bxd6 Ne4 19. Nxe4 Bxe4 20. f3 Bg6 21. g4 b5 22. Rc1 Nb6 23. h5 Bh7 24. Bf4 Nc4 25. Rc3 a5 26. bxa5 Rxa5 27. Bc1 Qe6 28. Re1 f5 29. gxf5 Bxf5 30. e4 Bh3 31. Qe2 Bxg2 32. Qxg2 Qf6 33. Rd3 Ra7 34. Qg4 Rae7 35. e5 Qf7 36. f4 Rf8 37. Qh4 Qf5 38. Rg3 Re6 39. Kh1 Kh7 40. Reg1 Rf7 41. Rg6 Qe4+ 42. Kh2 Qe2+ 43. R1g2 Qf1 44. Rxe6 Qxc1 45. Qg4 Qxf4+ 46. Qxf4 Rxf4 47. Re7 Rh4+ 48. Kg1 Rxd4 49. Rexg7+ Kh8 50. Rg8+ 1-0


[Site "https://www.chess.com"]

[Event "Titled Tuesday Blitz September 27 Late 2022"]
[White "Gokerkan, Cem Kaan"]
[Black "Bortnyk, Mykola"]
[WhiteFideId "6336760"]
[BlackFideId "14120836"]
[WhiteElo "2364"]
[BlackElo "2582"]
[Result "0-1"]
[Round "04"]
[TimeControl "180+1"]
[Date "2022.09.27"]
[WhiteClock "0:00:02"]
[BlackClock "0:00:44"]

1. e4 e5 2. Nf3 d6 3. d4 exd4 4. Nxd4 Nf6 5. Nc3 Be7 6. Bf4 O-O 7. Qd2 d5 8. O-O-O Bb4 9. f3 dxe4 10. Ndb5 Qxd2+ 11. Bxd2 Na6 12. Nxe4 Nxe4 13. fxe4 Bg4 14. Bxb4 Nxb4 15. Rd4 c5 16. Rc4 Rad8 17. Nc3 Nxa2+ 18. Kb1 Nxc3+ 19. Rxc3 Rd1+ 20. Ka2 Be2 21. Bxe2 Rxh1 22. Rxc5 Rxh2 23. Bf3 Rh6 24. Rc7 Rb6 25. e5 Rb5 26. c4 Ra5+ 27. Kb3 Rxe5 28. Rxb7 h5 29. Rxa7 h4 30. Bd5 g5 31. Kc3 g4 32. b4 h3 33. gxh3 gxh3 34. Ra1 Kg7 35. b5 h2 36. Rh1 Rh8 37. b6 Rg5 38. b7 Rg3+ 39. Kd4 Rgh3 40. c5 R8h4+ 41. Ke5 Rh5+ 42. Kd6 Rd3 43. b8=Q Rdxd5+ 44. Kc6 Rxc5+ 45. Kd6 Rhd5+ 46. Ke7 Re5+ 47. Kd6 Rb5 48. Qa8 Re6+ 49. Kd7 Rb2 50. Qa1 Re2 51. Kc6 f6 52. Kd5 Rbc2 53. Kd4 Ra2 54. Qb1 Rg2 55. Qb7+ Kh6 56. Qb8 Rad2+ 57. Ke3 Rde2+ 58. Kf3 Ref2+ 59. Ke3 Kg7 60. Qc7+ Kg6 61. Qb8 Re2+ 62. Kf3 Ref2+ 63. Ke3 f5 64. Qg8+ Kf6 65. Qf8+ Kg6 66. Qd6+ Kh5 67. Qf6 Re2+ 68. Kd3 Rd2+ 69. Kc3 Rc2+ 70. Kb3 Rcf2 71. Qf7+ Kg4 72. Qg6+ Kf4 73. Qh6+ Kg4 74. Qg6+ Kf4 75. Qh6+ Kf3 76. Qh3+ Rg3 77. Qh5+ Kg2+ 78. Kc4 Rg4+ 79. Kd5 Kxh1 0-1


[Site "https://www.chess.com"]

[Event "Titled Tuesday Blitz September 27 Late 2022"]
[White "Gorshtein, Ido"]
[Black "Besedes, Danilo"]
[WhiteFideId "2815532"]
[BlackFideId "946796"]
[WhiteElo "2411"]
[BlackElo "2352"]
[Result "1-0"]
[Round "04"]
[TimeControl "180+1"]
[Date "2022.09.27"]
[WhiteClock "0:02:49"]
[BlackClock "0:01:42"]

1. Nf3 e6 2. g3 Nf6 3. Bg2 d5 4. O-O Be7 5. c4 O-O 6. d4 dxc4 7. Ne5 Qd6 8. Na3 Rd8 9. Naxc4 Qa6 10. b3 c5 11. a4 cxd4 12. Ba3 Bxa3 13. Rxa3 Nc6 14. Nd3 Nd7 15. Qc1 Na5 16. Nb4 1-0


[Site "https://www.chess.com"]

[Event "Titled Tuesday Blitz September 27 Late 2022"]
[White "Gubajdullin, Alexei"]
[Black "Xiong, Jeffery"]
[WhiteFideId "4141202"]
[BlackFideId "2047640"]
[WhiteElo "2195"]
[BlackElo "2714"]
[Result "0-1"]
[Round "04"]
[TimeControl "180+1"]
[Date "2022.09.27"]
[WhiteClock "0:00:05"]
[BlackClock "0:00:22"]

1. d4 d5 2. Nf3 e6 3. Bf4 c5 4. e3 Qb6 5. Nc3 Bd7 6. Rb1 Nf6 7. Be2 Be7 8. O-O O-O 9. Ne5 Rc8 10. Bd3 cxd4 11. exd4 Nc6 12. Ne2 Nb4 13. Nxd7 Nxd7 14. c3 Nxd3 15. Qxd3 Qa6 16. Qxa6 bxa6 17. Nc1 a5 18. Nd3 a4 19. Rfc1 Nb6 20. b3 Kf8 21. Nc5 Ke8 22. Nxa4 Nxa4 23. bxa4 Rc4 24. Rb7 Rxa4 25. Rcb1 Rxa2 26. Be5 f6 27. Bg3 Rc8 28. Re1 Ra6 29. Rb3 Kf7 30. h4 Rb6 31. Reb1 Bd8 32. h5 Rxc3 33. Rxc3 Rxb1+ 34. Kh2 Rb7 35. Ra3 Bb6 36. Ra4 Bc7 37. f3 g6 38. hxg6+ hxg6 39. Kh3 Bxg3 40. Kxg3 g5 41. Ra6 Re7 42. Kg4 Kg6 43. f4 gxf4 44. Kxf4 Kf7 45. g4 Rb7 46. g5 fxg5+ 47. Kxg5 Ke7 48. Kf4 Kf6 49. Ra5 Rb4 50. Ke3 Rb3+ 51. Kd2 Rb7 52. Ra6 Kf5 53. Kd3 Rh7 54. Kd2 Rh4 55. Kc3 Rh7 56. Kd2 Re7 57. Kd3 Kf4 58. Kc3 Ke4 59. Ra4 Rc7+ 60. Kd2 Rc4 61. Ra6 Rxd4+ 62. Ke2 e5 63. Rxa7 Rb4 64. Rh7 Rb2+ 65. Kd1 Kd4 66. Kc1 Rf2 67. Rh4+ e4 68. Rg4 Kd3 69. Kb1 d4 70. Rg3+ e3 71. Rg1 e2 72. Rg3+ Kd2 0-1


[Site "https://www.chess.com"]

[Event "Titled Tuesday Blitz September 27 Late 2022"]
[White "Guzman, Christopher"]
[Black "Salinas Herrera, Pablo"]
[WhiteFideId "6405096"]
[BlackFideId "3407128"]
[WhiteElo "2244"]
[BlackElo "2550"]
[Result "1/2-1/2"]
[Round "04"]
[TimeControl "180+1"]
[Date "2022.09.28"]
[WhiteClock "0:00:07"]
[BlackClock "0:00:03"]

1. e4 c5 2. Nf3 e6 3. d4 cxd4 4. Nxd4 a6 5. g3 d6 6. Bg2 Qc7 7. O-O Nc6 8. b3 Nxd4 9. Qxd4 Qxc2 10. Ba3 Qc7 11. Rd1 Nf6 12. Nc3 Bd7 13. Rac1 Qb8 14. Bxd6 Bxd6 15. Qxd6 Qxd6 16. Rxd6 Bc6 17. e5 Bxg2 18. Kxg2 Nd7 19. f4 Rc8 20. Rcd1 Rc7 21. Ne4 Ke7 22. Ng5 Nb8 23. h4 h6 24. Ne4 Rc2+ 25. R6d2 Rxd2+ 26. Rxd2 Rc8 27. Nd6 Rc7 28. Kf3 h5 29. Nc4 Nd7 30. Rd6 f6 31. Ke4 Nc5+ 32. Kd4 Nd7 33. a4 Nb8 34. Ke4 Nc6 35. Rd2 Nb4 36. f5 b5 37. axb5 axb5 38. Nd6 Rc5 39. exf6+ gxf6 40. fxe6 Re5+ 41. Kf4 Nd5+ 42. Rxd5 Rxd5 43. Nf5+ Kxe6 44. Ne3 Rd4+ 45. Kf3 Rd3 46. b4 Rb3 47. g4 hxg4+ 48. Kf4 Rxb4+ 49. Kg3 f5 50. Ng2 Ke5 51. h5 Rb3+ 52. Kh4 Rh3+ 53. Kg5 b4 54. h6 b3 55. Nh4 b2 56. h7 b1=Q 57. h8=Q+ Ke4 58. Qe8+ Kd3 59. Qd7+ Ke2 60. Qe6+ Kf2 61. Nxf5 Rf3 62. Qd5 Rxf5+ 63. Qxf5+ Qxf5+ 64. Kh4 g3 1/2-1/2


[Site "https://www.chess.com"]

[Event "Titled Tuesday Blitz September 27 Late 2022"]
[White "Harvey, Marcus R"]
[Black "Noboa Silva, Kevin"]
[WhiteFideId "400092"]
[BlackFideId "3618471"]
[WhiteElo "2485"]
[BlackElo "2172"]
[Result "1-0"]
[Round "04"]
[TimeControl "180+1"]
[Date "2022.09.28"]
[WhiteClock "0:00:11"]
[BlackClock "0:00:01"]

1. Nf3 Nf6 2. b3 b6 3. Bb2 Bb7 4. g3 e6 5. Bg2 c5 6. O-O Be7 7. c4 d6 8. d4 cxd4 9. Qxd4 Nbd7 10. Rd1 Qc7 11. Nc3 a6 12. e4 O-O 13. Rac1 Rac8 14. h3 Rfe8 15. Qe3 Qb8 16. g4 b5 17. g5 Nh5 18. cxb5 axb5 19. Nxb5 Bxe4 20. Nxd6 Rxc1 21. Rxc1 Bxd6 22. Qxe4 Nf4 23. Rd1 Nc5 24. Qe3 Rd8 25. Bf1 Kf8 26. Rxd6 Qxd6 27. Be5 Qd5 28. Bxf4 Kg8 29. h4 Nd7 30. Qd3 Qa8 31. Qe2 Nf8 32. Bg2 Ng6 33. Bg3 Ne7 34. Kh2 Nf5 35. Ne5 1-0


[Site "https://www.chess.com"]

[Event "Titled Tuesday Blitz September 27 Late 2022"]
[White "Ibarra Jerez, Jose Carlos"]
[Black "Jeet, Jain"]
[WhiteFideId "2226332"]
[BlackFideId "5073022"]
[WhiteElo "2627"]
[BlackElo "2055"]
[Result "1-0"]
[Round "04"]
[TimeControl "180+1"]
[Date "2022.09.28"]
[WhiteClock "0:00:20"]
[BlackClock "0:00:10"]

1. Nf3 c5 2. e4 g6 3. c3 Bg7 4. d4 cxd4 5. cxd4 d5 6. e5 Bg4 7. Bb5+ Nc6 8. Bxc6+ bxc6 9. Nbd2 e6 10. O-O Nh6 11. h3 Bxf3 12. Nxf3 O-O 13. b3 Nf5 14. Ba3 Re8 15. Qc2 Rc8 16. Bc5 a5 17. Rac1 f6 18. Rfe1 fxe5 19. Nxe5 Qg5 20. Qc3 Nh4 21. Qg3 Qxg3 22. fxg3 Nf5 23. g4 Nh6 24. Bb6 Bxe5 25. dxe5 Nf7 26. h4 Ra8 27. g5 Rec8 28. Bd4 a4 29. b4 a3 30. Re3 h6 31. gxh6 Nxh6 32. Bc5 Nf5 33. Rh3 Kg7 34. Rf1 Rh8 35. g4 Nh6 36. Rg3 Rhd8 37. Be7 Rd7 38. Bf6+ Kg8 39. h5 gxh5 40. gxh5+ Kh7 41. Kh2 Rg8 42. Rxg8 Nxg8 43. Bg5 d4 44. Kg3 d3 45. Bd2 Nh6 46. Rf6 Re7 47. Rxh6+ Kg7 48. Rg6+ Kf7 49. Kf3 Rd7 50. Ke4 Rd8 51. Rf6+ Ke7 52. h6 Rg8 53. h7 Rg4+ 54. Rf4 1-0


[Site "https://www.chess.com"]

[Event "Titled Tuesday Blitz September 27 Late 2022"]
[White "Janaszak, Dawid"]
[Black "Nogerbek, Kazybek"]
[WhiteFideId "1119206"]
[BlackFideId "13710427"]
[WhiteElo "2165"]
[BlackElo "2458"]
[Result "0-1"]
[Round "04"]
[TimeControl "180+1"]
[Date "2022.09.27"]
[WhiteClock "0:00:08"]
[BlackClock "0:00:39"]

1. e4 c5 2. Nc3 a6 3. d4 cxd4 4. Qxd4 Nc6 5. Qd2 Nf6 6. b3 e6 7. Bb2 Bb4 8. Bd3 d5 9. exd5 Nxd5 10. a3 Bxc3 11. Bxc3 Nxc3 12. Qxc3 Qg5 13. Be4 O-O 14. Nf3 Qf4 15. Bxc6 bxc6 16. O-O c5 17. Qxc5 Bb7 18. Qe3 Qf5 19. Nd4 Qg6 20. Qg3 Qe4 21. c3 Rfd8 22. Rfe1 Qd5 23. Re5 Qd6 24. Rae1 Rac8 25. h4 h6 26. Kh2 Qxa3 27. f4 Qb2 28. R1e3 Rxd4 29. cxd4 Rc2 30. d5 Bxd5 31. Rxd5 exd5 32. Re8+ Kh7 33. Qd3+ g6 34. Qxd5 Qf6 35. Kh3 Qxf4 36. Qe5 Qxe5 37. Rxe5 Rc3+ 38. g3 Rxb3 39. Ra5 Rb6 40. h5 gxh5 41. Rxh5 Rb5 42. Rh4 a5 43. Ra4 h5 44. Kh4 Rb4+ 0-1


[Site "https://www.chess.com"]

[Event "Titled Tuesday Blitz September 27 Late 2022"]
[White "Karas, Marek"]
[Black "Baskakov, Egor"]
[WhiteFideId "14928558"]
[BlackFideId "24197866"]
[WhiteElo "2272"]
[BlackElo "2211"]
[Result "0-1"]
[Round "04"]
[TimeControl "180+1"]
[Date "2022.09.28"]
[WhiteClock "0:00:01"]
[BlackClock "0:00:13"]

1. d4 Nf6 2. Bf4 e6 3. Nf3 d5 4. e3 Be7 5. Bd3 Ne4 6. Nbd2 f5 7. Ne5 O-O 8. O-O g5 9. Bg3 Nxg3 10. hxg3 Nd7 11. f4 Nxe5 12. fxe5 g4 13. Qe2 Bd7 14. Nb3 b6 15. Qf2 Bg5 16. Nc1 c5 17. c3 c4 18. Bc2 b5 19. a3 a5 20. Ne2 Be8 21. Nf4 Bf7 22. Qe2 Qb6 23. Rfb1 Rab8 24. b4 cxb3 25. Rxb3 Qc6 26. Bd3 a4 27. Bxb5 Qc7 28. Bxa4 Rxb3 29. Bxb3 Qxc3 30. Rb1 Rb8 31. Bc2 Rxb1+ 32. Bxb1 Qc1+ 33. Qf1 Qxe3+ 34. Qf2 Qc1+ 35. Qf1 Qxa3 36. Bd3 h5 37. Nxd5 exd5 38. Qxf5 Qe7 39. Qc8+ Kg7 40. Qf5 Kf8 41. Qc8+ Be8 42. Qf5+ Bf7 43. Qc8+ Qe8 44. Qf5 Be3+ 45. Kh2 Bxd4 46. e6 Qxe6 47. Qg5 Bf6 48. Qh6+ Ke7 49. Qf4 Qe5 50. Qf2 h4 51. Qc5+ Ke6 52. Qc8+ Kd6 53. Qb8+ Kc5 54. Qc8+ Kd4 0-1


[Site "https://www.chess.com"]

[Event "Titled Tuesday Blitz September 27 Late 2022"]
[White "Kollars, Dmitrij"]
[Black "Hambleton, Aman"]
[WhiteFideId "12909572"]
[BlackFideId "2606577"]
[WhiteElo "2584"]
[BlackElo "2538"]
[Result "1-0"]
[Round "04"]
[TimeControl "180+1"]
[Date "2022.09.27"]
[WhiteClock "0:00:17"]
[BlackClock "0:00:01"]

1. Nf3 Nf6 2. g3 d5 3. Bg2 c6 4. O-O Bf5 5. c4 e6 6. Qb3 Qb6 7. d3 Nbd7 8. Be3 Bc5 9. Bxc5 Nxc5 10. Qa3 a5 11. Nbd2 O-O 12. Nb3 Nxb3 13. axb3 Nd7 14. Rfc1 h6 15. c5 Qd8 16. b4 axb4 17. Qxb4 Qc7 18. Nd4 Bg6 19. Ra3 Rxa3 20. Qxa3 e5 21. Nf3 e4 22. dxe4 Bxe4 23. b4 Re8 24. Qc3 Bxf3 25. Bxf3 Nf6 26. Ra1 Ne4 27. Qd4 Kh7 28. b5 Qe7 29. bxc6 bxc6 30. Ra6 Rc8 31. Bg4 Rc7 32. Bf5+ g6 33. Ra8 Nf6 34. Bd3 Kg7 35. Ra6 Rc8 36. h4 Rc7 37. Kg2 Kh7 38. Qf4 h5 39. f3 Kg7 40. Qd4 Rc8 41. Kf2 Kh7 42. Qa1 Nd7 43. Ra7 Qxc5+ 44. Kg2 Qd6 45. Qc1 Kg7 46. Qb2+ Kg8 47. Qb7 Rd8 48. f4 Rf8 49. Qxd7 Qc5 50. Rc7 1-0


[Site "https://www.chess.com"]

[Event "Titled Tuesday Blitz September 27 Late 2022"]
[White "Lazavik, Denis"]
[Black "Fernandez De La Vara, Arnaldo"]
[WhiteFideId "13515110"]
[BlackFideId "3518388"]
[WhiteElo "2437"]
[BlackElo "2387"]
[Result "1-0"]
[Round "04"]
[TimeControl "180+1"]
[Date "2022.09.27"]
[WhiteClock "0:00:11"]
[BlackClock "0:00:02"]

1. d4 c5 2. d5 Nf6 3. c4 b5 4. cxb5 a6 5. e3 g6 6. Nc3 Bg7 7. a4 O-O 8. e4 d6 9. Bc4 axb5 10. Bxb5 Ba6 11. Bd2 Qb6 12. Nf3 Bxb5 13. axb5 Rxa1 14. Qxa1 Ne8 15. O-O Nc7 16. Qa4 Nd7 17. Bg5 Ra8 18. Qc4 Kf8 19. Rb1 Rb8 20. b4 Bxc3 21. Qxc3 f6 22. Bh6+ Kg8 23. bxc5 Qxc5 24. Qd2 Rxb5 25. Rc1 Qb6 26. Be3 Qb7 27. h4 Rb1 28. h5 Na6 29. Kh2 Rxc1 30. Qxc1 Nac5 31. hxg6 hxg6 32. Bxc5 Nxc5 33. Qh6 g5 34. Nd4 e5 35. Nf5 Nxe4 36. Qg6+ Kf8 37. f3 Nc3 38. Qxf6+ Kg8 39. Qxg5+ Kh8 40. Qf6+ Kh7 41. Ne7 Nxd5 42. Qg6+ 1-0


[Site "https://www.chess.com"]

[Event "Titled Tuesday Blitz September 27 Late 2022"]
[White "Leiva, Gianmarco"]
[Black "Fiorito, Joaquin"]
[WhiteFideId "3804399"]
[BlackFideId "180173"]
[WhiteElo "2323"]
[BlackElo "1758"]
[Result "1-0"]
[Round "04"]
[TimeControl "180+1"]
[Date "2022.09.28"]
[WhiteClock "0:00:18"]
[BlackClock "0:00:04"]

1. e4 c6 2. d4 d5 3. exd5 cxd5 4. Bd3 Nc6 5. c3 Nf6 6. Ne2 g6 7. O-O Bg7 8. Re1 O-O 9. Nd2 Bf5 10. Bxf5 gxf5 11. Nf4 e6 12. Nf1 b5 13. Nd3 a5 14. Bg5 Qd6 15. Qf3 Ne4 16. Bf4 Qd7 17. Qh3 Ne7 18. f3 Nf6 19. g4 fxg4 20. fxg4 Ng6 21. Be5 Ne4 22. Bxg7 Kxg7 23. Ng3 Nxg3 24. Qxg3 b4 25. h4 bxc3 26. bxc3 Rac8 27. Nc5 Qc7 28. Kh2 Nxh4 29. Qxc7 Rxc7 30. Kg3 Ng6 31. Rab1 Rfc8 32. Rb5 Ra7 33. Reb1 Nf8 34. Rb7 Rc7 35. Rxc7 Rxc7 36. Rb5 Ra7 37. a4 Kf6 38. Kf4 Ng6+ 39. Kf3 Ne7 40. Nb3 Nc6 41. Rb6 Rc7 42. Rb5 Na7 43. Rc5 Rxc5 44. Nxc5 Nc6 45. Kf4 Ke7 46. Kg5 f6+ 47. Kh6 e5 48. Nb3 e4 49. Kxh7 Kf7 50. Kh6 e3 51. Nc1 Nd8 52. g5 Ne6 53. g6+ Kg8 54. Nd3 e2 55. Ne1 Nf4 56. g7 Ne6 57. Kg6 f5 58. Kxf5 Nxg7+ 59. Ke5 Kf7 60. Kxd5 Nf5 61. Kc6 Ke7 62. Kb5 Ne3 63. Kxa5 Kd6 64. Kb5 Kd5 65. a5 Nc4 66. a6 Nd6+ 67. Kb6 Kc4 68. a7 Nc8+ 69. Kb7 Nxa7 70. Kxa7 Kxc3 71. d5 Kd2 72. Ng2 Kd3 73. d6 Ke4 74. d7 Kf3 75. Ne1+ Kf2 76. Nc2 1-0


[Site "https://www.chess.com"]

[Event "Titled Tuesday Blitz September 27 Late 2022"]
[White "Machidon, Cristi"]
[Black "So, Wesley"]
[WhiteFideId "13904590"]
[BlackFideId "5202213"]
[WhiteElo "2312"]
[BlackElo "2763"]
[Result "0-1"]
[Round "04"]
[TimeControl "180+1"]
[Date "2022.09.27"]
[WhiteClock "0:00:33"]
[BlackClock "0:02:04"]

1. d4 d5 2. c4 e6 3. Nc3 Nf6 4. cxd5 exd5 5. Bg5 c6 6. e3 Bf5 7. Qf3 Bg6 8. Bxf6 Qxf6 9. Qxf6 gxf6 10. Kd2 Nd7 11. Bd3 Nb6 12. b3 Rg8 13. g3 a5 14. Nge2 Bd6 15. h4 Bxd3 16. Kxd3 f5 17. h5 h6 18. Rab1 Ke7 19. Na4 Nd7 20. Rbc1 Nf6 21. Rcf1 Rg5 22. Nf4 Ne4 23. Nc3 Bb4 24. Nce2 a4 25. f3 axb3 26. axb3 Ra2 0-1


[Site "https://www.chess.com"]

[Event "Titled Tuesday Blitz September 27 Late 2022"]
[White "Martin Duque, Jesus"]
[Black "Rustemov, Alexander"]
[WhiteFideId "2208954"]
[BlackFideId "4119002"]
[WhiteElo "2258"]
[BlackElo "2840"]
[Result "0-1"]
[Round "04"]
[TimeControl "180+1"]
[Date "2022.09.28"]
[WhiteClock "0:01:20"]
[BlackClock "0:00:56"]

1. Nf3 d5 2. b3 Nf6 3. Bb2 Bf5 4. g3 h6 5. Bg2 e6 6. d3 Be7 7. Nbd2 O-O 8. O-O c5 9. Ne5 Bh7 10. e4 Nbd7 11. exd5 Nxd5 12. Re1 Nxe5 13. Bxe5 Rc8 14. Qg4 Bf6 15. Bxd5 exd5 16. Bxf6 Qxf6 17. Qe2 Qc3 18. Nf3 c4 19. dxc4 dxc4 20. Qd2 Qxd2 21. Nxd2 c3 22. Ne4 Rfd8 23. Re3 Bxe4 24. Rxe4 Rd2 25. Rc1 Rc7 26. a4 b6 27. Re5 g6 28. a5 Kg7 29. axb6 axb6 30. h4 h5 31. Kg2 Rc6 32. Rb5 Rf6 33. Kg1 Rfxf2 34. Rxb6 Rg2+ 35. Kh1 Rh2+ 36. Kg1 Rdg2+ 37. Kf1 Rxg3 38. Rc6 Rxh4 39. Kf2 Rgh3 40. Kg2 Re3 41. Rf1 Re2+ 42. Rf2 Rh2+ 43. Kxh2 Rxf2+ 44. Kg3 Rxc2 45. b4 Rb2 46. Rxc3 Rxb4 0-1


[Site "https://www.chess.com"]